Unix NetHack Version 5.0.0-0 post-release - last build May 17 2026 04:57:42 (dc50c8380fa5e20985bfe3072449f57b8d9895ef,branch:main).

Game began 2026-05-17 05:49:36, ended 2026-05-17 07:15:50.

ArrBianca, lawful female dwarven Archeologist

                          ---                              ---
                ----   ----.--                            --.----
               --..|   -.|...|                            |.....---
      --0--    |...---......----        --.-----          --......|      -----
      |....--  |...............|        .)^).*.----        ...--..----.---...|
     --.....| ---.------....--.-------- -...^.....|       --.^...[.).......>--
     |.....----...|    ----..|........| ---.......--      |..----------)...--
     --....| |..---       ---..------.|   --.......|      --.|      --.....|
      |..--- |.--           |..|.   ..|    --......|      --.|      |.....--
      |....| |.|            |.........-  ---|....B----   --..|      |.|...|
      ----*| |.|             -..........--.--.....@.n----|...|      ------
         -.--|.|             ---..................--....||[..--     ---  ------
      --....|-.|               |.............--.^------.||-...--    |..---....|
      |.....|..|               --....--..--.. ----    |.|-.....|    |.........|
      |.....)..|                -....|    |^.         |.|....|.---  --.......--
      --.....---                .--.--    ---         |.....-|...-----.......--
       |.....|                    ---                 ----------....|.........|
       --...--                                                 --............--
        --.--                                                   |<|.---.|..---
                                                                -----
ArrBianca the Field Worker  St:12 Dx:17 Co:13 In:13 Wi:16 Ch:8  Lawful
Dlvl:6  $:161 HP:0(35) Pw:15(15) AC:10 Xp:4 T:3814  Burdened

Latest messages:
 The dagger hits Komo.
 In what direction? l
 You kill the floating eye!
 You see here a dagger.
 V - a rock (in quiver pouch) (5 in total).
 W - a floating eye corpse.
 The hobgoblin throws a crude dagger!
 Komo is hit.
 What do you want to eat? [dxyFW or ?*] W
 This floating eye corpse is fatty.
 You finish eating the floating eye corpse.
 You feel a strange mental acuity.
 Komo picks up a dagger.
 V - 11 rocks (in quiver pouch) (16 in total).
 Komo drops a dagger.
 You see here a dagger.
 You see here a dagger.
 You see here a dagger.
 The hobgoblin climbs out of the pit.
 You see here a dagger.
 You hear some noises in the distance.
 You have a little trouble lifting 6 rocks.  Continue? [ynq] (q) y
 You have a little trouble lifting V - 6 rocks (in quiver pouch) (22 in total).
 You see here a thonged club.
 Your movements are slowed slightly because of your load.
 You see here a dagger.
 You swap places with Komo.
 There are several objects here.
 Really step into that spiked pit? [yn] (n) n
 The giant bat bites!
 The giant bat bites!
 The giant bat bites!
 You begin bashing monsters with your sling.
 You miss the giant bat.
 The giant bat bites!
 e - a +0 pick-axe (weapon in right hand).
 v - a sling (alternate weapon; not wielded).
 The giant bat bites!
 The water nymph appears close by!
 The giant bat bites!
 You hit the giant bat!
 The giant bat bites!
 The giant bat bites!
 The giant bat bites!
 What do you want to wield? [- aev or ?*] a
 a - a +2 bullwhip (weapon in right hand).
 The giant bat bites!
 The giant bat bites!
 You die...
 Do you want an account of creatures vanquished? [ynaq] (y) q

Inventory:
 Coins    ('$')
  $ - 161 gold pieces
 Amulets  ('"')
  q - an uncursed amulet versus poison
 Weapons  (')')
  v - a +0 sling (alternate weapon; not wielded)
  a - a +2 bullwhip (weapon in right hand)
 Armor    ('[')
  c - an uncursed +0 fedora (being worn)
 Comestibles  ('%')
  d - an uncursed food ration
  x - an uncursed homemade tin of coyote meat
  F - an uncursed homemade tin of gnome meat
  y - an uncursed homemade tin of jackal meat
 Scrolls  ('?')
  r - a blessed scroll of confuse monster
  P - an uncursed scroll of identify
  B - 2 uncursed scrolls of teleportation
 Spellbooks  ('+')
  D - an uncursed spellbook of healing
 Potions  ('!')
  o - an uncursed potion of see invisible
  p - 2 blessed potions of speed
 Rings    ('=')
  u - a cursed ring of aggravate monster
  l - an uncursed ring of free action
 Wands    ('/')
  U - a wand of speed monster (0:8)
 Tools    ('(')
  h - an empty uncursed sack
  k - an uncursed leash
  L - a cursed oil lamp
  e - a +0 pick-axe
  S - an uncursed skeleton key
  w - an uncursed tin whistle
  f - a tinning kit (0:39)
 Gems/Stones  ('*')
  n - an uncursed emerald
  V - 22 uncursed rocks (in quiver pouch)

ArrBianca the Archeologist's attributes:

Background:
 You were a Field Worker, a level 4 female dwarven Archeologist.
 You were lawful, nominally on a mission for Quetzalcoatl
 who was opposed by Camaxtli (neutral) and Huhetotl (chaotic).
 You were right-handed.
 You were in the Gnomish Mines, on level 6.
 You entered the dungeon 3814 turns ago.
 There was a new moon in effect when your adventure ended.
 You had 150 experience points, 10 more were needed to attain level 5.

Basics:
 You had 0 out of 35 hit points.
 You had all 15 energy points (spell power).
 Your armor class was 10.
 Your wallet contained 161 zorkmids.
 Autopickup was on for '$?!/="+%' plus thrown, with exceptions.

Final Characteristics:
 Your strength was 12 (limit:18/100).
 Your dexterity was 17 (limit:20).
 Your constitution was 13 (limit:20).
 Your intelligence was 13 (limit:16).
 Your wisdom was 16 (limit:16).
 Your charisma was 8 (limit:16).

Final Status:
 You weren't hungry.
 You were burdened; movement was slightly slowed.
 You were wielding a whip.
 You were skilled in whip.

Final Attributes:
 You were piously aligned.
 You were telepathic.
 You had automatic searching.
 You had infravision.
 You were lucky.
 You are dead.

Miscellaneous:
 You didn't encounter any bones levels.
 Total elapsed playing time was 1 hour, 4 minutes and 31 seconds.

Major events:
 Turn
    1: ArrBianca the lawful female dwarven Archeologist entered the dungeon
 1356: attained the rank of Field Worker (level 3)
 1424: entered the Gnomish Mines
 3814: killed by a giant bat

Spells:
 Name                 Level Category     Fail Retention
 healing                1   healing       14%  76%-100%

Skills:
 Fighting Skills
   bare handed combat [Unskilled]
   two weapon combat  [Unskilled]
   riding             [Unskilled]
 Weapon Skills
   dagger             [Unskilled]
   knife              [Unskilled]
   pick-axe           [Basic]
   short sword        [Unskilled]
   saber              [Unskilled]
   club               [Unskilled]
   quarterstaff       [Unskilled]
   sling              [Unskilled]
   dart               [Unskilled]
   boomerang          [Unskilled]
   whip               [Skilled]
   unicorn horn       [Unskilled]
 Spellcasting Skills
   attack spells      [Unskilled]
   healing spells     [Unskilled]
   divination spells  [Unskilled]
   matter spells      [Unskilled]

Voluntary challenges:
 Character rerolling was not enabled.
 You were an atheist.
 You never genocided any monsters.
 You never polymorphed an object.
 You never changed form.
 You used no wishes.
Achievements:
 You entered a shop.
 You attained the rank of Field Worker.
 You entered the Gnomish Mines.

 The Dungeons of Doom: levels 1 to 4
    Level 1:
       Many fountains.
    Level 2:
       A general store.
    Level 3:
       Some fountains.
    Level 4:
       Some fountains.
       Stairs down to The Gnomish Mines.
 The Gnomish Mines: levels 5 to 6
    Level 5:
    Level 6: <- You were here.
       Final resting place for
          you, killed by a giant bat.


Vanquished creatures:
  a leprechaun
  2 rock moles
  a shrieker
  3 gnome leaders
  a giant ant
  2 floating eyes
  a dwarf
  2 kobold leaders
  3 rothes
  a wererat
  2 iguanas
  2 coyotes
  2 hobbits
  4 manes
  a large kobold
  a hobgoblin
  2 cave spiders
  a yellow mold
 11 gnomes
  5 geckos
  3 jackals
  3 goblins
  a sewer rat
  7 grid bugs
  5 lichens
  6 newts
73 creatures vanquished.

No species were genocided or became extinct.

Game over:
                       ----------
                      /          \
                     /    REST    \
                    /      IN      \
                   /     PEACE      \
                  /                  \
                  |    ArrBianca     |
                  |      161 Au      |
                  |   killed by a    |
                  |    giant bat     |
                  |                  |
                  |                  |
                  |       2026       |
                 *|     *  *  *      | *
        _________)/\\_//(\/(/\)/\//\/|_)_______

Goodbye ArrBianca the Archeologist...

You died in The Gnomish Mines on dungeon level 6 with 995 points,
and 161 pieces of gold, after 3814 moves.
You were level 4 with a maximum of 35 hit points when you died.

